 Dungeon Crawl Stone Soup version 0.30-a0-4-ga7cffc901d (webtiles) character file.

Game seed: 9621423956952100458

30 Setbun the Sneak (level 3, -4/20 HPs)
             Began as a Kobold Enchanter on Aug 20, 2022.
             Slain by Terence
             ... wielding a +2 flail of holy wrath
              (13 damage)
             ... on level 2 of the Dungeon.
             The game lasted 00:01:34 (1597 turns).

Setbun the Sneak (Kobold Enchanter)                 Turns: 1597, Time: 00:01:35

Health: -4/20      AC:  2    Str:  5    XL:     3   Next: 37%
Magic:  0/6        EV: 15    Int: 22    God:
Gold:   34         SH:  0    Dex: 17    Spells: 1/6 levels left

rFire   . . .      SeeInvis .    l - +1 dagger (venom)
rCold   . . .      Faith    .    (no shield)
rNeg    . . .      Spirit   .    b - +0 robe
rPois   .          Reflect  .    (no helmet)
rElec   .          Harm     .    (no cloak)
rCorr   .          Rampage  .    (no gloves)
Will    .....                    (no boots)
Stlth   ++++......               (no amulet)
HPRegen 0.06/turn                e - +6 ring of intelligence
MPRegen 0.10/turn                (no ring)

@: no status effects
A: small, no large weapons, nightstalker 3
a: no special abilities


You were on level 2 of the Dungeon.
You visited 1 branch of the dungeon, and saw 2 of its levels.

You collected 34 gold pieces.

Inventory:

Hand Weapons
 a - a +1 dagger
 l - a +1 dagger of venom (weapon)
Armour
 b - a +0 robe (worn)
Jewellery
 e - a +6 ring of intelligence (left hand)
Scrolls
 g - a scroll of vulnerability {unknown}
 i - a scroll of silence {unknown}
 j - a scroll of butterflies {unknown}
Potions
 c - 2 potions of invisibility
 d - a potion of brilliance {unknown}
 f - a potion of mutation {unknown}
 h - a potion of might {unknown}
 k - a potion of lignification {unknown}
 m - a potion of degeneration {unknown}


   Skills:
 + Level 1.0 Fighting
 * Level 2.5 Short Blades
 + Level 2.6 Dodging
 + Level 4.2 Stealth
 + Level 2.4 Spellcasting
 + Level 3.1 Hexes


You had one spell level left.
You knew the following spells:

 Your Spells              Type           Power      Damage    Failure   Level
a - Ensorcelled Hibernat  Hex/Ice        18%        N/A       11%         2
b - Confusing Touch       Hex            16%        N/A       11%         3

Your spell library contained the following spells:

 Spells                   Type           Power      Damage    Failure   Level
 Magic Dart               Conj           8%         1d3       13%         1
 Tukima's Dance           Hex            16%        N/A       11%         3
 Call Imp                 Summ           2%         N/A       21%         2
 Dazzling Flash           Conj/Hex       18%        N/A       21%         3
 Mephitic Cloud           Conj/Pois/Air  2%         N/A       36%         3


Dungeon Overview and Level Annotations

Branches:
Dungeon (2/15)

Altars:

Annotations:
D:2 Natasha, Terence


Innate Abilities, Weirdness & Mutations

You are small and have problems with some larger weapons.
You are completely attuned to the shadows.


Message History

Terence is nearby!
Terence is nearby!
Cast which spell? (? or * to list)
Aiming: Ensorcelled Hibernation (safe; 11% risk of failure)
Press: ? - help, Shift-Dir - straight line, f - you That would be overly suicidal.
Okay, then.
Casting: Ensorcelled Hibernation (safe; 11% risk of failure)
Confirm with . or Enter, or press ? or * to list all spells.
Aiming: Ensorcelled Hibernation (safe; 11% risk of failure)
Press: ? - help, Shift-Dir - straight line, f - Terence
Aim: Terence, wielding a +2 flail of holy wrath and wearing a +0 ring mail of cold resistance (not susceptible) Terence is unaffected.
Terence hits you with a +2 flail of holy wrath.
Unknown command.
Casting: Ensorcelled Hibernation (safe; 11% risk of failure)
Confirm with . or Enter, or press ? or * to list all spells.
Aiming: Ensorcelled Hibernation (safe; 11% risk of failure)
Press: ? - help, Shift-Dir - straight line, f/p - Terence
Aim: Terence, wielding a +2 flail of holy wrath and wearing a +0 ring mail of cold resistance (not susceptible) Terence is unaffected.
A quokka comes into view.
Terence closely misses you.
Casting: Ensorcelled Hibernation (safe; 11% risk of failure)
Confirm with . or Enter, or press ? or * to list all spells.
Aiming: Ensorcelled Hibernation (safe; 11% risk of failure)
Press: ? - help, Shift-Dir - straight line, f - quokka, p - Terence
Aim: a quokka (wandering, hasn't noticed you, chance to affect: 61%) Terence is unaffected.
Terence hits you with a +2 flail of holy wrath!
Ouch! That really hurt!
Casting: Ensorcelled Hibernation (safe; 11% risk of failure)
Confirm with . or Enter, or press ? or * to list all spells.
You don't have enough magic to cast this spell.
Sorry, you're not good enough to have a special ability.
Natasha, Servant of Life and Death comes into view.
Terence attacks as you move away!
Terence hits you with a +2 flail of holy wrath!
Ouch! That really hurt!
You die...

#.#
#.####.####
#.#
#..........
#.#
######.###.
#.# #.# #.#
#.# #.# #.#
#.#
#.###########
#..@@r.h.....
########.####
#.# #.# #.h
#... #.##.


You could see Terence, Natasha and a quokka.

Vanquished Creatures
  2 dart slugs (D:1)
  An orc (D:2)
  2 giant cockroaches (D:1)
  4 goblins (D:1)
  A hobgoblin (D:1)
  2 quokkas (D:1)
  5 ball pythons
  2 bats (D:1)
  4 kobolds (D:1)
  A rat (D:1)
24 creatures vanquished.

Notes
Turn   | Place    | Note
-------+----------+-------------------------------------------
     0 | D:1      | Setbun the Kobold Enchanter began the quest for the Orb.
     0 | D:1      | Reached XP level 1. HP: 10/10 MP: 3/3
   234 | D:1      | Reached XP level 2. HP: 16/16 MP: 5/5
   699 | D:1      | Reached XP level 3. HP: 20/20 MP: 6/6
  1270 | D:1      | Reached skill level 1 in Fighting
  1549 | D:2      | Learned a level 2 spell: Ensorcelled Hibernation
  1553 | D:2      | Learned a level 3 spell: Confusing Touch
  1586 | D:2      | Noticed Terence
  1592 | D:2      | Noticed Natasha
  1597 | D:2      | Slain by Terence

Illustrated notes

Levels and vault maps discovered:
D:1:      eino_arrival_druids_welcome, layout_basic, serial_forest,
          infiniplex_forest_straight_2, infiniplex_forest_end_3,
          infiniplex_forest_3_way, infiniplex_forest_straight_3,
          infiniplex_forest_straight_2, infiniplex_forest_clump_tiny,
          infiniplex_forest_straight_4, infiniplex_forest_clump_curved,
          minmay_misc_feat_rugged
D:2:      layout_loops_ring, kennysheep_crisscross, uniq_terence, uniq_sigmund,
          uniq_natasha

Skill      XL: |  1  2  3 |
---------------+----------+-----
Short Blades   | 2 |  2.5
Fighting       | 1 |  1.0
Dodging        | |  2.6
Stealth        | |  4.2
Spellcasting   | |  2.4
Hexes          | |  3.1

Action                   || total
-------------------------++-------
Melee: Dagger            ||    47
 Cast: Ensorcelled Hiber ||     3
 Stab: Sleeping          ||    18
Armor: Robe              ||     2
Dodge: Dodged            ||    19

Table legend: (Time is in decaauts)
 A = Elapsed time spent in this place.
 B = Non-inter-level travel time spent in this place.
 C = Inter-level travel time spent in this place.
 D = Time resting spent in this place.
 E = Time spent auto-exploring this place.
 F = Levels seen in this place.
 G = Mean time per level.
                   A        B        C        D        E       F      G
               +--------+--------+--------+--------+--------+-----+--------+
         Total |   1593 |   1500 |     93 |      0 |   1339 |   2 |  796.5 |
       Dungeon |   1593 |   1500 |     93 |      0 |   1339 |   2 |  796.5 |
               +--------+--------+--------+--------+--------+-----+--------+

Top non-repeatable levels by time:
     D:1: 1459 daAuts
     D:2: 133 daAuts
